 Dungeon Crawl Stone Soup version 0.30-a0-830-gfe289a77b0 (webtiles) character file.

Game seed: 16093639418972652351

539 Esekla the Covert (level 7, -1/48 HPs)
             Began as an Octopode Delver on Mar 1, 2023.
             Was an Initiate of Gozag.
             Slain by a black bear (3 damage)
             ... on level 5 of the Dungeon.
             The game lasted 00:24:30 (4593 turns).

Esekla the Covert (Octopode Delver)                 Turns: 4593, Time: 00:24:30

Health: -1/48      AC:  1    Str: 11    XL:     7   Next: 26%
Magic:  9/9        EV: 14    Int: 14    God:    Gozag
Gold:   858        SH:  5    Dex: 14    Spells: 7/9 levels left

rFire   . . .      SeeInvis .    a - +0 falchion
rCold   . . .      Faith    .    (no shield)
rNeg    . . .      Spirit   .    (helmet restricted)
rPois   .          Reflect  +    q - amulet of reflection
rElec   .          Harm     .    (no ring)
rCorr   .          Rampage  .    (no ring)
Will    .....                    (no ring)
Stlth   +++++                    (no ring)
HPRegen 0.28/turn                (no ring)
MPRegen 0.11/turn                (no ring)
                                 (no ring)
                                 (no ring)

@: about to teleport, gold aura
A: almost no armour, amphibious, 8 rings, camouflage 1, gelatinous body 1,
(nimble swimmer 1), tentacles
a: Renounce Religion, Potion Petition, Call Merchant, Bribe Branch


You were on level 5 of the Dungeon.
You worshipped Gozag.
Gozag was pleased with you.
You visited 1 branch of the dungeon, and saw 5 of its levels.

You collected 876 gold pieces.
You paid 18 gold pieces to Gozag.

Inventory:

Hand Weapons
 a - a +0 falchion (weapon)
 s - a +2 dagger of holy wrath
 A - a +0 trident
Missiles
 c - 6 poisoned darts (quivered)
 v - 6 javelins
 y - 2 boomerangs
Jewellery
 q - an amulet of reflection (around mantle)
 B - a ring of positive energy
Wands
 f - a wand of digging (4)
Scrolls
 b - 3 scrolls of fog
 d - a scroll of acquirement {unknown}
 h - 8 scrolls of identify {unknown}
 i - 2 scrolls of teleportation
 m - a scroll of enchant armour {unknown}
 n - a scroll of amnesia {unknown}
 t - a scroll of noise {unknown}
 w - 2 scrolls of vulnerability {unknown}
 x - 3 scrolls of blinking {unknown}
Potions
 e - 2 potions of haste
 g - 4 potions of magic
 j - a potion of resistance {unknown}
 k - 4 potions of heal wounds {unknown}
 l - 2 potions of attraction {unknown}
 o - 2 potions of curing {unknown}
 p - a potion of brilliance {unknown}
 r - a potion of invisibility {unknown}
 u - a potion of cancellation {unknown}
 z - a potion of lignification {unknown}


   Skills:
 * Level 4.0 Fighting
 + Level 0.6(2.4) Short Blades
 * Level 3.8(3.9) Long Blades
 + Level 0.3 Throwing
 * Level 3.0 Dodging
 + Level 8.4 Stealth
 + Level 0.5 Shields
 * Level 1.6 Spellcasting
 * Level 1.5 Conjurations
 * Level 1.9 Air Magic
 * Level 1.5 Poison Magic


You had 7 spell levels left.
You knew the following spells:

 Your Spells              Type           Power      Damage    Failure   Level
a - Poisonous Vapours     Pois/Air       10%        N/A       19%         2

Your spell library contained the following spells:

 Spells                   Type           Power      Damage    Failure   Level
 Cigotuvi's Dreadful Rot  Necr/Pois/Air  8%         N/A       24%         2
 Mephitic Cloud           Conj/Pois/Air  5%         N/A       36%         3


Dungeon Overview and Level Annotations

Branches:
Dungeon (5/15)
 Temple: D:4-7

Altars:
Gozag
Wu Jian

Annotations:
D:5 Ijyb


Innate Abilities, Weirdness & Mutations

You cannot wear most types of armour.
You are amphibious.
You can wear up to eight rings at the same time.
Your skin changes colour to match your surroundings (Stealth+).
Your rubbery body absorbs attacks. (AC +1, EV +1)
((You are camouflaged when in or above water. (Stealth+)))
You have tentacles for arms and can constrict up to eight enemies at once.


Message History

You closely miss the quokka. The quokka closely misses you.
You bump into the rock wall.
You feel less confused. You block the quokka's attack.
You hit the quokka but do no damage. Your grab misses the quokka.
The quokka barely misses you.
The quokka twitches its whiskers.
The quokka closely misses you.
You hit the quokka.
You kill the quokka!
You hit the black bear. Your grab misses the black bear.
You tentacle-slap the black bear. You squeeze the black bear.
The black bear is moderately wounded.
The black bear bites you. You block the black bear's attack.
The black bear claws you.
You hit the black bear. You grab the black bear.
The black bear is heavily wounded.
You constrict the black bear. The black bear bites you.
The black bear closely misses you. The black bear barely misses you.
Ijyb screams, "Me stronger than you!" You block the black bear's attack.
The black bear barely misses you. The black bear claws you.
You hit the black bear but do no damage.
The black bear is heavily wounded.
You constrict the black bear, but do no damage.
The shadow imp grins evilly.
The black bear bites you but does no damage.
The black bear claws you. x2
* * * LOW HITPOINT WARNING * * *
As you read the scroll labelled AXIYMA DORYELE, it crumbles to dust.
You feel strangely unstable.
It was a scroll of teleportation.
You constrict the black bear. The black bear bites you.
* * * LOW HITPOINT WARNING * * *
The black bear closely misses you. The black bear claws you.
* * * LOW HITPOINT WARNING * * *
It was a potion of magic.
Magic courses through your body.
You constrict the black bear. The black bear barely misses you.
You block the black bear's attack. The black bear claws you.
You die...
Your body crumbles into a pile of gold.

*,,,,,*,,,,,..## *...,*,,,....
**,,,,,.,,**,...####...,,,,,....
*,,,,,,..##**#...............,..
*,,,,*,....#*#...........#..,,..
**,,,**.....##....h...........##
*******,*#.....g.........*...#.
*****#.g..........###....
##h##.#..(....##....
#**#.@#*##......#.....
##.###.######..........
**###....#.#.........##....
****,.........................
**,,,,....#..#......#........##
**,,,,,.,,*#.####...##..........
*,,,,,,,,,...,*##...#.........#.
*,,,,,,,,...,**#...............#
*,,,,8,.....** ##.............##


You could see a black bear and Ijyb.

Vanquished Creatures
  Sigmund (D:3)
  An ogre (D:4)
  3 hounds
  An orc priest (D:3)
  Terence (D:3)
  5 adders
  4 dart slugs
  9 orcs
  8 bats
  6 endoplasms
  4 giant cockroaches
  5 goblins
  9 hobgoblins
  7 jackals
  7 kobolds
  3 quokkas
  11 ball pythons
  A frilled lizard (D:2)
  8 rats
94 creatures vanquished.

Notes
Turn   | Place    | Note
-------+----------+-------------------------------------------
     0 | D:5      | Esekla the Octopode Delver began the quest for the Orb.
     0 | D:5      | Reached XP level 1. HP: 16/16 MP: 1/1
    33 | D:5      | Found an opulent altar of Gozag.
    50 | D:5      | Became a worshipper of Gozag Ym Sagoz the Greedy
    54 | D:5      | Noticed a hound
    82 | D:5      | Noticed Ijyb
   132 | D:5      | Noticed an iguana
   186 | D:4      | Reached XP level 2. HP: 21/21 MP: 2/2
   245 | D:4      | Reached skill level 7 in Stealth
   245 | D:4      | Reached XP level 3. HP: 17/26 MP: 3/3
   406 | D:4      | Noticed an ogre
   660 | D:2      | Reached XP level 4. HP: 25/31 MP: 5/5
   847 | D:2      | Reached skill level 1 in Spellcasting
   918 | D:2      | Found an ornate altar of the Wu Jian Council.
  1682 | D:1      | Found a faded altar of an unknown god.
  2249 | D:2      | Reached XP level 5. HP: 22/36 MP: 6/6
  2628 | D:3      | Noticed Sigmund
  2739 | D:3      | Learned a level 2 spell: Poisonous Vapours
  2818 | D:3      | Reached skill level 8 in Stealth
  2869 | D:3      | Noticed Terence
  3571 | D:3      | Reached skill level 1 in Air Magic
  3697 | D:3      | Killed Sigmund
  3698 | D:3      | Reached skill level 1 in Poison Magic
  3698 | D:3      | Reached XP level 6. HP: 40/43 MP: 6/8
  3929 | D:4      | Reached skill level 1 in Conjurations
  3929 | D:4      | Reached XP level 7. HP: 47/47 MP: 9/9
  3960 | D:3      | Killed Terence
  4592 | D:5      | HP: 1/48 [black bear (5)]
  4593 | D:5      | Slain by a black bear

Illustrated notes

Levels and vault maps discovered:
D:1:      lemuel_arrival_tunnels, layout_basic,
          dreamdust_ecumenical_altar_hidden_monk_grotto, st_stairs_12,
          minmay_pentomino_v4
D:2:      layout_basic, basic_altar, kennysheep_cross_bottleneck,
          minmay_misc_feat_more_columns, minivault_14, feat_on_display
D:3:      layout_rooms, uniq_sigmund, uniq_terence
D:4:      layout_layer_cave, kennysheep_windowed_goal
D:5:      layout_cave_pools, pdpol_temple_overflow_zin_treasury_gozag_greed,
          minivault_25, dreamdust_mushroom_princess, uniq_ijyb

Skill      XL: |  1  2  3  4  5  6  7 |
---------------+----------------------+-----
Stealth        | 7 8 |  8.4
Spellcasting   | 1 |  1.6
Long Blades    | 3 |  3.8
Air Magic      | 1 |  1.9
Poison Magic   | 1 |  1.5
Conjurations   | 1 |  1.5
Fighting       | 4 |  4.0
Dodging        | 3 |  3.0
Short Blades   | |  0.6
Throwing       | |  0.3
Shields        | |  0.5

Action                     |  1- 3 |  4- 6 |  7- 9 || total
---------------------------+-------+-------+-------++-------
  Melee: Falchion          |    33 |    99 |    33 ||   165
         Constrict         |     5 |    31 |     5 ||    41
         Punch             |     2 |       |     2 ||     4
         Tentacles         |     5 |    22 |     9 ||    36
         Dagger            |       |    26 |     1 ||    27
  Throw: Dart              |       |     4 |     5 ||     9
    Use: Scroll            |     1 |     1 |     2 ||     4
         Potion            |       |       |     1 ||     1
   Stab: Sleeping          |     6 |    20 |     1 ||    27
         Distracted        |       |     1 |       ||     1
 Armour: Skin              |     6 |     6 |     2 ||    14
  Dodge: Dodged            |    19 |    45 |    22 ||    86
  Block: Other             |       |    19 |     8 ||    27
         Reflection        |       |     2 |       ||     2

Table legend: (Time is in decaauts)
 A = Elapsed time spent in this place.
 B = Non-inter-level travel time spent in this place.
 C = Inter-level travel time spent in this place.
 D = Time resting spent in this place.
 E = Time spent auto-exploring this place.
 F = Levels seen in this place.
 G = Mean time per level.
                   A        B        C        D        E       F      G
               +--------+--------+--------+--------+--------+-----+--------+
         Total |   4606 |   4446 |    160 |    867 |   1210 |   5 |  921.2 |
       Dungeon |   4606 |   4446 |    160 |    867 |   1210 |   5 |  921.2 |
               +--------+--------+--------+--------+--------+-----+--------+

Top non-repeatable levels by time:
     D:2: 1531 daAuts
     D:3: 1049 daAuts
     D:1: 1001 daAuts
     D:4: 795 daAuts
     D:5: 229 daAuts
